NCAA
UCLA BRUINS @ NOTRE DAME FIGHTING IRISH
05/03/2024
 
TOP OF THE 1ST
UCLA Bruins batting - Pitching for Notre Dame Fighting Irish : LHP Jeff Minnich
Pitching: LHP Jeff Minnich
Batting: LHB Pedro Ramos 0-0: Ball
1-0: Foul Ball, location: 2F
1-1: Ball
2-1: Called Strike
2-2: Strikes out looking
Batting: RHB Roberto Rodríguez 0-0: Ball
1-0: Ball
2-0: Ball
3-0: Base on Balls
Batting: RHB Dean Bailey 0-0: Called Strike
0-1: Grounds into double play, 6-4-3 (Groundball, 6M)
Top of the 1st over - 0 run(s), 0 hit(s), 0 error(s), 0 left on base; UCLA 0 - Notre Dame 0
BOTTOM OF THE 1ST
Notre Dame Fighting Irish batting - Pitching for UCLA Bruins : RHP Manuel González
Pitching: RHP Manuel González
Batting: RHB António Muńóz 0-0: Ball
1-0: Swinging Strike
1-1: Bunt missed!
1-2: Ball
2-2: Ball
3-2: Base on Balls
Batting: SHB Joe Gallagher 0-0: Called Strike
0-1: Grounds out, U3 (Groundball, 3L)
Batting: RHB Doug Coleman 0-0: Foul Ball, location: 2F
0-1: Ball
1-1: Ball
Single, Error in OF, E7, batter to second base
António Muńóz scores
Batting: RHB Tony Parker 0-0: Ball
1-0: Swinging Strike
1-1: Ball
2-1: Ball
3-1: Base on Balls
Batting: LHB George Smith 0-0: Called Strike
0-1: Foul Ball, location: 2F
0-2: Strikes out looking
Batting: RHB Jesús Santos 0-0: 3-RUN HOME RUN (Flyball, 7D), Distance : 354 ft
Batting: SHB Forest Cruz 0-0: Called Strike
0-1: Ball
1-1: Called Strike
1-2: Fly out, F7 (Flyball, 78S)
Bottom of the 1st over - 4 run(s), 2 hit(s), 1 error(s), 0 left on base; UCLA 0 - Notre Dame 4
TOP OF THE 2ND
UCLA Bruins batting - Pitching for Notre Dame Fighting Irish : LHP Jeff Minnich
Batting: LHB Brian Bauer 0-0: Called Strike
0-1: Ball
1-1: Swinging Strike
1-2: Strikes out swinging
Batting: RHB Bill Powell 0-0: TRIPLE (Line Drive, 9LM)
Batting: RHB Doug Lutz 0-0: Called Strike
0-1: Foul Ball, location: 2F
0-2: Ground out 5-3 (Groundball, 5L)
Batting: LHB Harvey Moore 0-0: Ball
1-0: Foul Ball, location: 2F
1-1: Called Strike
1-2: Strikes out looking
Top of the 2nd over - 0 run(s), 1 hit(s), 0 error(s), 1 left on base; UCLA 0 - Notre Dame 4
BOTTOM OF THE 2ND
Notre Dame Fighting Irish batting - Pitching for UCLA Bruins : RHP Manuel González
Batting: RHB Ron Walters 0-0: Called Strike
0-1: Fly out, F9 (Flyball, 9LSF)
Batting: SHB Tim Reid 0-0: Called Strike
0-1: Ball
1-1: Called Strike
1-2: Strikes out looking
Batting: RHB António Muńóz 0-0: Foul Ball, location: 2F
0-1: Foul Ball, location: 2F
0-2: Ball
1-2: Foul Ball, location: 2F
1-2: Ball
2-2: Strikes out swinging
Bottom of the 2nd over - 0 run(s), 0 hit(s), 0 error(s), 0 left on base; UCLA 0 - Notre Dame 4
TOP OF THE 3RD
UCLA Bruins batting - Pitching for Notre Dame Fighting Irish : LHP Jeff Minnich
Now at 2B: Ron Campbell
Batting: LHB Simon Collins 0-0: Called Strike
0-1: Ball
1-1: Called Strike
1-2: Foul Ball, location: 2F
1-2: Ball
2-2: Strikes out swinging
Batting: RHB Wilson Metherall 0-0: Ball
1-0: Fly out, F4 (Popup, 4MS)
Batting: LHB Pedro Ramos 0-0: Ball
1-0: Ball
2-0: Ball
3-0: Base on Balls
Batting: RHB Roberto Rodríguez 0-0: DOUBLE (Flyball, 78XD)
Pedro Ramos to third
Runner from 3rd tries for Home, throw and OUT!
Top of the 3rd over - 0 run(s), 1 hit(s), 0 error(s), 1 left on base; UCLA 0 - Notre Dame 4
BOTTOM OF THE 3RD
Notre Dame Fighting Irish batting - Pitching for UCLA Bruins : RHP Manuel González
Batting: SHB Joe Gallagher 0-0: Foul Ball, location: 2F
0-1: Ball
1-1: Foul Ball, location: 2F
1-2: Ball
2-2: Ball
3-2: Fly out, F4 (Popup, 4D)
Batting: RHB Doug Coleman 0-0: Swinging Strike
0-1: Swinging Strike
0-2: Ground out 6-3 (Groundball, 6)
Batting: RHB Tony Parker 0-0: Called Strike
0-1: Foul Ball, location: 2F
0-2: Ball
1-2: Strikes out swinging
Bottom of the 3rd over - 0 run(s), 0 hit(s), 0 error(s), 0 left on base; UCLA 0 - Notre Dame 4
TOP OF THE 4TH
UCLA Bruins batting - Pitching for Notre Dame Fighting Irish : LHP Jeff Minnich
Batting: RHB Dean Bailey 0-0: Ball
1-0: Ball
2-0: Ball
3-0: Called Strike
3-1: Base on Balls
Batting: LHB Brian Bauer 0-0: Ball
1-0: Swinging Strike
1-1: Ball
2-1: Foul Ball, location: 2F
2-2: Foul Ball, location: 2F
2-2: Foul Ball, location: 2F
2-2: SINGLE (Line Drive, 6D)
Dean Bailey to second
Batting: RHB Bill Powell 0-0: Called Strike
0-1: Ball
1-1: Foul Ball, location: 2F
1-2: TRIPLE (Flyball, 7LS)
Dean Bailey scores
Brian Bauer scores
Batting: RHB Doug Lutz 0-0: Ball
1-0: Ball
2-0: Ball
3-0: Called Strike
3-1: Foul Ball, location: 2F
3-2: Strikes out looking
Batting: LHB Harvey Moore 0-0: Ball
1-0: Called Strike
1-1: Called Strike
1-2: Ball
2-2: Ground out 4-3 (Groundball, 4)
Bill Powell scores
Batting: LHB Simon Collins 0-0: Called Strike
0-1: Ball
1-1: Ball
2-1: Ground out 4-3 (Groundball, 4)
Top of the 4th over - 3 run(s), 2 hit(s), 0 error(s), 0 left on base; UCLA 3 - Notre Dame 4
BOTTOM OF THE 4TH
Notre Dame Fighting Irish batting - Pitching for UCLA Bruins : RHP Manuel González
Batting: LHB George Smith 0-0: Called Strike
0-1: Foul Ball, location: 2F
0-2: Ball
1-2: Ball
2-2: Foul Ball, location: 2F
2-2: Strikes out swinging
Batting: RHB Jesús Santos 0-0: Ground out 4-3 (Groundball, 4)
Batting: SHB Forest Cruz 0-0: Called Strike
0-1: Ball
1-1: Ground out 4-3 (Groundball, 4)
Bottom of the 4th over - 0 run(s), 0 hit(s), 0 error(s), 0 left on base; UCLA 3 - Notre Dame 4
TOP OF THE 5TH
UCLA Bruins batting - Pitching for Notre Dame Fighting Irish : LHP Jeff Minnich
Batting: RHB Wilson Metherall 0-0: Called Strike
0-1: Swinging Strike
0-2: Strikes out looking
Batting: LHB Pedro Ramos 0-0: Ball
1-0: Ball
2-0: Ball
3-0: Base on Balls
Batting: RHB Roberto Rodríguez 0-0: Ball
1-0: Ball
2-0: SINGLE (Groundball, 6MD)
Pedro Ramos to second
Runner from 2nd tries for 3rd, SAFE, no throw or cutoff
Batting: RHB Dean Bailey 0-0: Ball
1-0: Ball
2-0: Called Strike
2-1: Ball
3-1: Fly out, F7 (Flyball, 78M)
Runner from 3rd tags up, SCORES, no throw
Pitching: RHP Dax Campbell
Batting: LHB Brian Bauer Pickoff Throw to First - Out!
Top of the 5th over - 1 run(s), 1 hit(s), 0 error(s), 0 left on base; UCLA 4 - Notre Dame 4
BOTTOM OF THE 5TH
Notre Dame Fighting Irish batting - Pitching for UCLA Bruins : RHP Manuel González
Batting: RHB Ron Walters 0-0: Ball
1-0: Called Strike
1-1: Foul Ball, location: 2F
1-2: Fly out, F7 (Line Drive, 7S)
Batting: RHB Ron Campbell 0-0: Foul Ball, location: 2F
0-1: Ball
1-1: Ball
2-1: Foul Ball, location: 2F
2-2: Foul Ball, location: 2F
2-2: Foul Ball, location: 2F
2-2: Strikes out swinging
Batting: RHB António Muńóz 0-0: Ball
1-0: Ground out 1-3 (Groundball, 13S)
Bottom of the 5th over - 0 run(s), 0 hit(s), 0 error(s), 0 left on base; UCLA 4 - Notre Dame 4
TOP OF THE 6TH
UCLA Bruins batting - Pitching for Notre Dame Fighting Irish : RHP Dax Campbell
Batting: LHB Brian Bauer 0-0: Called Strike
0-1: Ball
1-1: Ball
2-1: Ball
3-1: Foul Ball, location: 2F
3-2: Fly out, F8 (Line Drive, 8LM)
Batting: RHB Bill Powell 0-0: Foul Ball, location: 2F
0-1: Foul Ball, location: 2F
0-2: Foul Ball, location: 2F
0-2: Foul Ball, location: 2F
0-2: Foul Ball, location: 2F
0-2: Foul Ball, location: 2F
0-2: Ball
1-2: DOUBLE (Line Drive, 7LM)
Batting: RHB Doug Lutz 0-0: Called Strike
0-1: Fly out, F4 (Popup, 9S)
Batting: LHB Harvey Moore 0-0: Ball
1-0: Ball
2-0: Ball
3-0: Called Strike
3-1: Foul Ball, location: 2F
3-2: Strikes out looking
Top of the 6th over - 0 run(s), 1 hit(s), 0 error(s), 1 left on base; UCLA 4 - Notre Dame 4
BOTTOM OF THE 6TH
Notre Dame Fighting Irish batting - Pitching for UCLA Bruins : RHP Manuel González
Batting: SHB Joe Gallagher 0-0: Swinging Strike
0-1: Foul Ball, location: 2F
0-2: Strikes out swinging
Batting: RHB Doug Coleman 0-0: Swinging Strike
0-1: Foul Ball, location: 2F
0-2: Ball
1-2: Strikes out looking
Batting: RHB Tony Parker 0-0: Ball
1-0: Ball
2-0: Swinging Strike
2-1: Swinging Strike
2-2: Strikes out swinging
Bottom of the 6th over - 0 run(s), 0 hit(s), 0 error(s), 0 left on base; UCLA 4 - Notre Dame 4
TOP OF THE 7TH
UCLA Bruins batting - Pitching for Notre Dame Fighting Irish : RHP Dax Campbell
Batting: LHB Simon Collins 0-0: Fly out, F9 (Flyball, 89M)
Batting: RHB Wilson Metherall 0-0: Ball
1-0: Called Strike
1-1: Ball
2-1: Swinging Strike
2-2: Ball
3-2: Base on Balls
Batting: LHB Pedro Ramos 0-0: Called Strike
0-1: Ball
1-1: Ball
2-1: Ball
3-1: Fly out, F7 (Flyball, 7D)
Batting: RHB Roberto Rodríguez 0-0: Called Strike
0-1: Swinging Strike
0-2: Ball
1-2: Ball
Wilson Metherall steals 2nd base
2-2: SINGLE (Groundball, 4D)
Wilson Metherall to third
Runner from 3rd tries for Home, SAFE, no throw or cutoff
Pitching: RHP Richard Thomas
Batting: RHB Dean Bailey 0-0: Ball
1-0: Ball
2-0: Called Strike
2-1: Ball
3-1: Called Strike
3-2: Foul Ball, location: 2F
3-2: SINGLE (Line Drive, 7S)
Roberto Rodríguez to second
Roberto Rodríguez to third
Batting: LHB Brian Bauer 0-0: Fly out, F8 (Line Drive, 8LS)
Top of the 7th over - 1 run(s), 2 hit(s), 0 error(s), 2 left on base; UCLA 5 - Notre Dame 4
BOTTOM OF THE 7TH
Notre Dame Fighting Irish batting - Pitching for UCLA Bruins : RHP Manuel González
Pitching: RHP Jimmy Márquez
Batting: LHB George Smith 0-0: Swinging Strike
0-1: Fly out, F7 (Line Drive, 78M)
Batting: RHB Jesús Santos 0-0: Foul Ball, location: 2F
0-1: Reached on error, E5 (Groundball, 56)
Batting: SHB Forest Cruz 0-0: Called Strike
Jesús Santos steals 2nd base
0-1: Foul Ball, location: 2F
0-2: DOUBLE (Line Drive, 7LS)
Jesús Santos scores
Batting: RHB Ron Walters 0-0: Intentional Walk
Pinch Hitting: RHB Ralph Gentry 0-0: Ball
1-0: Called Strike
1-1: Foul Ball, location: 2F
1-2: Strikes out swinging
Batting: RHB António Muńóz 0-0: DOUBLE (Line Drive, 3L)
Forest Cruz scores
Ron Walters to third
Runner from 3rd tries for Home, SAFE, no throw or cutoff
Pitching: LHP Josh Wall
Batting: SHB Joe Gallagher 0-0: Ball
1-0: Called Strike
1-1: Ball
2-1: Called Strike
2-2: Strikes out swinging
Bottom of the 7th over - 3 run(s), 2 hit(s), 1 error(s), 1 left on base; UCLA 5 - Notre Dame 7
TOP OF THE 8TH
UCLA Bruins batting - Pitching for Notre Dame Fighting Irish : RHP Richard Thomas
Now at 2B: Ralph Gentry
Batting: RHB Bill Powell 0-0: Ball
1-0: Called Strike
1-1: Ball
2-1: Ball
3-1: Called Strike
3-2: SINGLE (Line Drive, 34D)
Batting: RHB Doug Lutz 0-0: Called Strike
0-1: Ball
1-1: Ball
2-1: Ball
3-1: Foul Ball, location: 2F
3-2: Strikes out swinging
Batting: LHB Harvey Moore 0-0: Called Strike
0-1: Ball
1-1: Ball
2-1: SINGLE (Groundball, 56D)
Bill Powell to second
Batting: LHB Simon Collins 0-0: Ball
1-0: Ball
2-0: Foul Ball, location: 2F
2-1: Ball
3-1: Foul Ball, location: 2F
3-2: Strikes out swinging
Pitching: RHP Javier Ayala
Pinch Hitting: RHB Will Walker 0-0: Ball
1-0: Ball
2-0: Foul Ball, location: 2F
2-1: Called Strike
2-2: Ball
3-2: Foul Ball, location: 2F
3-2: Foul Ball, location: 2F
3-2: Ground out 6-3 (Groundball, 6)
Top of the 8th over - 0 run(s), 2 hit(s), 0 error(s), 2 left on base; UCLA 5 - Notre Dame 7
BOTTOM OF THE 8TH
Notre Dame Fighting Irish batting - Pitching for UCLA Bruins : LHP Josh Wall
Now at 2B: Bob Newton
Batting: RHB Doug Coleman 0-0: Swinging Strike
0-1: Called Strike
0-2: Ball
1-2: Ball
2-2: Strikes out swinging
Batting: RHB Tony Parker 0-0: Ball
1-0: Ground out 4-3 (Groundball, 4M)
Batting: LHB George Smith 0-0: Ball
1-0: Foul Ball, location: 2F
1-1: Ball
2-1: Swinging Strike
2-2: Strikes out looking
Bottom of the 8th over - 0 run(s), 0 hit(s), 0 error(s), 0 left on base; UCLA 5 - Notre Dame 7
TOP OF THE 9TH
UCLA Bruins batting - Pitching for Notre Dame Fighting Irish : RHP Javier Ayala
Pitching: RHP Bill Wiggins
Batting: LHB Pedro Ramos 0-0: Ball
1-0: Ball
2-0: Foul Ball, location: 2F
2-1: Foul Ball, location: 2F
2-2: Ball
3-2: Base on Balls
Batting: RHB Roberto Rodríguez 0-0: Ball
1-0: Ball
2-0: Called Strike
2-1: Ball
3-1: Base on Balls
Pedro Ramos to second
Batting: RHB Dean Bailey 0-0: Ball
1-0: Called Strike
1-1: Called Strike
1-2: Foul Ball, location: 2F
1-2: Fly out, F7 (Line Drive, 7M)
Batting: LHB Brian Bauer 0-0: Ball
1-0: Ball
2-0: Called Strike
2-1: Foul Ball, location: 2F
2-2: Strikes out looking
Batting: RHB Bill Powell 0-0: Swinging Strike
0-1: Swinging Strike
0-2: Strikes out looking
Top of the 9th over - 0 run(s), 0 hit(s), 0 error(s), 2 left on base; UCLA 5 - Notre Dame 7
This league is powered by Out of the Park Baseball, the baseball management simulation game for PC, Mac and Linux
Saturday, April 9th, 2016 - OOTP Baseball 16.8 Build 38